 Dungeon Crawl Stone Soup version 0.23.1 (webtiles) character file.

Game seed: 0

96369 poirepourri the Eclecticist (level 15, -6/86 HPs)
             Began as a Deep Elf Conjurer on Mar 1, 2019.
             Was a High Priest of Vehumet.
             Mangled by a tarantella (15 damage)
             ... on level 1 of the Spider Nest.
             The game lasted 00:59:34 (34405 turns).

poirepourri the Eclecticist (Deep Elf Conjurer)    Turns: 34405, Time: 00:59:36

Health: -6/86      AC: -2    Str:  5    XL:     15   Next: 69%
Magic:  23/39      EV: 16    Int: 27    God:    Vehumet [*****.]
Gold:   1866       SH:  0    Dex: 15    Spells: 24/50 levels left

rFire    + . .     SeeInvis +   t - staff of conjuration
rCold    . . .     Gourm    .   I - +0 buckler of the Cooper {rN+ Regen+}
rNeg     + . .     Faith    .   F - +0 robe {rF+}
rPois    .         Spirit   .   z - +2 hat {SInv}
rElec    .         Reflect  .   q - +2 cloak
rCorr    +         Harm     .   s - +2 pair of gloves
MR       +....                  (no boots)
Stlth    ++........             (no amulet)
HPRegen  0.64/turn              w - ring of resist corrosion
MPRegen  0.26/turn              r - +5 ring of evasion

@: corroded, held
A: no striking features
a: Renounce Religion


You were on level 1 of the Spider Nest.
You worshipped Vehumet.
Vehumet was extremely pleased with you.
You were not hungry.

You visited 5 branches of the dungeon, and saw 25 of its levels.

You collected 1866 gold pieces.

Inventory:

Hand Weapons
 n - a +1 short sword
Missiles
 g - 7 poisoned javelins
 j - 12 javelins
 k - 5 throwing nets (quivered)
 y - 16 tomahawks
Armour
 q - a +2 cloak (worn)
 s - a +2 pair of gloves (worn)
 z - a +2 hat of see invisible (worn)
 F - a +0 robe of fire resistance (worn)
 I - the +0 buckler of the Cooper (worn) {rN+ Regen+}
   (You found it on level 10 of the Dungeon)

   It protects you from negative energy.
   It increases your rate of regeneration.
 T - a +3 troll leather armour {Snorg}
Magical Staves
 t - an uncursed staff of conjuration (weapon)
 N - an uncursed staff of summoning
Jewellery
 e - a +3 ring of evasion
 r - a +5 ring of evasion (right hand)
 w - a ring of resist corrosion (left hand)
 J - a +2 ring of dexterity
 M - an uncursed ring of protection from fire
 R - a +4 ring of slaying
 V - an uncursed ring of fire {unknown}
Wands
 i - a wand of polymorph (8)
 o - a wand of paralysis (14)
 p - a wand of flame (43)
 A - a wand of digging (19)
 H - a wand of random effects (15)
 Q - a wand of iceblast (10)
Scrolls
 b - 4 scrolls of identify
 d - 7 scrolls of teleportation
 f - 2 scrolls of blinking
 u - 4 scrolls of fog
 v - 8 scrolls of remove curse
 D - a scroll of fear
 L - 3 scrolls of amnesia
Potions
 a - 3 potions of berserk rage
 h - 4 potions of agility
 l - 2 potions of might
 m - 3 potions of haste
 x - a potion of invisibility
 B - 3 potions of cancellation
 C - 3 potions of flight
 E - 3 potions of magic
 G - 2 potions of brilliance
 P - 4 potions of curing
Miscellaneous
 O - a phial of floods
 S - a lamp of fire
Comestibles
 c - 13 rations


   Skills:
 - Level 7.0 Fighting
 - Level 12.4 Dodging
 - Level 2.4 Stealth
 - Level 4.2 Shields
 + Level 18.1 Spellcasting
 - Level 14.1 Conjurations
 - Level 5.3 Hexes
 - Level 10.1 Necromancy
 - Level 8.1 Earth Magic
 - Level 14.0 Evocations


You had 24 spell levels left.
You knew the following spells:

 Your Spells              Type           Power        Failure   Level  Hunger
a - Magic Dart            Conj           ####         0%          1    None
b - Searing Ray           Conj           ######       0%          2    None
c - Dazzling Spray        Conj/Hex       ######       1%          3    None
d - Iskenderun's Mystic   Conj           ########     1%          4    None
e - Force Lance           Conj/Tloc      #######.     1%          4    None
f - Fulminant Prism       Conj/Hex       #######...   1%          4    None
g - Stone Arrow           Conj/Erth      ######       1%          3    None
h - Bolt of Draining      Conj/Necr      #######...   1%          5    None

Your spell library contained the following spells:

 Spells                   Type           Power        Failure   Level  Hunger
 Spellforged Servitor     Conj/Summ      #######...   22%         7    #####..
 Freeze                   Ice            ###.         1%          1    None
 Sandblast                Erth           ######       1%          1    None
 Passwall                 Tmut/Erth      #####...     1%          2    None
 Throw Frost              Conj/Ice       ######       1%          2    None
 Throw Icicle             Conj/Ice       #######.     1%          4    None
 Lee's Rapid Deconstruct  Erth           ######....   1%          5    None
 Petrify                  Tmut/Erth      #####...     3%          4    None
 Conjure Ball Lightning   Conj/Air       #######...   4%          6    ##.....
 Ozocubu's Armour         Chrm/Ice       ###.....     5%          3    None
 Silence                  Hex/Air        #####.....   17%         5    None
 Summon Ice Beast         Ice/Summ       ###.....     19%         4    None
 Summon Lightning Spire   Summ/Air       ###.....     19%         4    None
 Deflect Missiles         Chrm/Air       ###.......   96%         6    ##.....
 Tornado                  Air            ###.......   100%        9    #######


Dungeon Overview and Level Annotations

Branches:
Dungeon (15/15)            Temple (1/1) D:7            Lair (6/6) D:8
  Swamp (0/4) Lair:2       Spider (1/4) Lair:2        Slime (0/5) Lair:6
    Orc (2/2) D:10         Vaults (0/5) D:13         Depths (0/5) D:15
    Elf: Orc:2

Altars:
Ashenzari
Cheibriados
Dithmenos
Elyvilon
Fedhas
Gozag
Hepliaklqana
Kikubaaqudgha
Makhleb
Nemelex Xobeh
Okawaru
Qazlal
Ru
Sif Muna
Trog
Uskayaw
Vehumet
Wu Jian
Xom
Yredelemnul
Zin
The Shining One
Jiyva

Shops:
D:9 }

Annotations:
Lair:3 1 runed translucent door, XSreality's ghost, journeyman SpVM
Lair:4 1 runed translucent door, runemage's ghost, journeyman GnFi
Lair:6 1 runed translucent door


Message History

Unknown command.
You can't do that while caught in a web.
Unknown command.
Unknown command.
Unknown command.
The tarantella bites you but does no damage.
The tarantella bites you. The entropy weaver hits you! x2
The entropy weaver hits you. The entropy weaver hits you!
* * * LOW HITPOINT WARNING * * *
The tarantella closely misses you. The redback bites you!
* * * LOW HITPOINT WARNING * * *
Unknown command.
You're too confused!
You feel better. The tarantella barely misses you. The tarantella misses you.
The entropy weaver gestures wildly while chanting.
The entropic weave corrodes you! The redback barely misses you.
The jumping spider closely misses you. The jumping spider bites you.
* * * LOW HITPOINT WARNING * * *
The tarantella bites you!
You die...

... ##..## .
#...†. ## ..
##.....###.#≈.
....†.^.#...#
......†.....#..
..%...s.s...≈..
.......@s...#
.##....sa......
####≈###.....
.. ..## ... ...
.... .. ..... .
#.....


You could see an entropy weaver, a jumping spider, 2 tarantellas and a redback.

Vanquished Creatures
  Gastronok (Lair:1)
  An orc warlord (D:10)
  2 entropy weavers (Lair:5)
  A dire elephant (Lair:6)
  Snorg (D:14)
  Josephine (Orc:1)
  Harold (Lair:1)
  4 hydras
  A merfolk avatar (Lair:6)
  7 vault guards
  2 centaur warriors (D:14)
  Erica (Lair:2)
  11 two-headed ogres
  4 tengu warriors
  3 ogre magi (D:15)
  A queen ant (Lair:5)
  A death yak (D:8)
  Urug (Lair:1)
  Sonja (Orc:1)
  3 sea snakes (Lair:6)
  An unseen horror (D:15)
  Pikel (D:9)
  A harpy (Lair:6)
  3 deep elf magi
  A necromancer (D:15)
  4 orc sorcerers
  A cyclops (D:13)
  An orc knight (Orc:2)
  A wolf spider zombie (D:14)
  A manticore (D:10)
  7 ugly things
  A torpor snail (Lair:4)
  8 black mambas
  9 elephants
  2 gargoyles
  6 centaur zombies
  13 komodo dragons
  7 spiny frogs
  A kobold demonologist (D:15)
  8 yaktaurs (D:15)
  A yaktaur (shapeshifter) (D:15)
  A tengu conjurer (D:13)
  5 rime drakes
  6 trolls
  7 blink frogs
  5 polar bears
  6 hippogriffs
  3 hornets
  Prince Ribbit (D:8)
  3 bog bodies (Lair:2)
  5 redbacks (Spider:1)
  2 water elementals (D:15)
  A shadow (D:14)
  5 wraiths (Orc:1)
  6 wyverns
  4 basilisks
  63 yaks
  2 hungry ghosts
  2 vampire mosquitoes (D:14)
  16 wargs
  2 swamp worms (Lair:2)
  8 water moccasins
  10 soldier ants (Lair:5)
  5 porcupines
  6 ice beasts
  17 orc warriors
  A hornet zombie (D:12)
  3 sky beasts
  A slave (D:9)
  An eye of draining (D:13)
  3 phantoms
  2 black bears
  9 wolves
  4 boggarts (Lair:6)
  14 ogres
  10 crocodiles
  15 centaurs
  13 bullfrogs
  2 wyvern zombies
  10 scorpions
  14 killer bees
  8 wights
  A howler monkey (D:6)
  4 electric eels
  7 crimson imps
  13 hounds
  2 quasits
  6 orc priests
  2 bullfrog skeletons
  5 jellies
  Crazy Yiuf (D:3)
  4 centaur skeletons
  A gnoll shaman (D:7)
  7 iguanas
  8 orc wizards
  31 worker ants
  A hound zombie (D:10)
  A worker ant zombie (D:9)
  3 gnolls (D:7)
  17 adders
  5 shadow imps
  An ooze (D:1)
  2 adder skeletons
  2 worms (Lair:2)
  4 dart slugs
  8 leopard geckos
  84 orcs
  9 giant cockroaches
  4 hobgoblins
  9 jackals
  2 quokkas
  A ball python (D:1)
  8 bats
  4 frilled lizards
  7 goblins
  A jackal skeleton (D:7)
  7 kobolds
  A leopard gecko skeleton (D:4)
  6 rats
  2 fungi
  2 plants
710 creatures vanquished.

Vanquished Creatures (collateral kills)
  A wraith (D:10)
  A yak (D:10)
2 creatures vanquished.

Vanquished Creatures (others)
  2 slaves (D:9)
  15 fulminant prisms
  24 fungi
  29 plants
70 creatures vanquished.

Grand Total: 782 creatures vanquished

Notes
Turn   | Place    | Note
-------+----------+-------------------------------------------
     0 | D:1      | poirepourri the Deep Elf Conjurer began the quest for the
                  | Orb.
     0 | D:1      | Reached XP level 1. HP: 10/10 MP: 6/6
   168 | D:1      | Reached skill level 4 in Spellcasting
   168 | D:1      | Reached XP level 2. HP: 15/15 MP: 0/9
   249 | D:1      | Learned a level 2 spell: Searing Ray
   666 | D:2      | Reached XP level 3. HP: 15/19 MP: 3/11
   719 | D:2      | Reached skill level 5 in Spellcasting
   724 | D:2      | Learned a level 3 spell: Dazzling Spray
   877 | D:2      | Found a faded altar of an unknown god.
  1394 | D:2      | Reached XP level 4. HP: 16/24 MP: 2/13
  1704 | D:3      | Reached skill level 6 in Spellcasting
  1750 | D:3      | Learned a level 4 spell: Iskenderun's Mystic Blast
  1764 | D:3      | Learned a level 4 spell: Force Lance
  2217 | D:3      | Found a runed translucent door.
  2218 | D:3      | Noticed Crazy Yiuf
  2253 | D:3      | Killed Crazy Yiuf
  2253 | D:3      | Reached skill level 7 in Spellcasting
  2496 | D:4      | Reached XP level 5. HP: 28/28 MP: 6/16
  2502 | D:4      | Learned a level 4 spell: Fulminant Prism
  2655 | D:4      | Found a shadowy altar of Dithmenos.
  2952 | D:4      | Reached skill level 8 in Spellcasting
  3305 | D:4      | Reached XP level 6. HP: 32/32 MP: 10/19
  3572 | D:5      | Entered Level 5 of the Dungeon
  3579 | D:5      | Reached skill level 9 in Spellcasting
  4009 | D:5      | Reached skill level 10 in Spellcasting
  4092 | D:5      | Reached XP level 7. HP: 36/36 MP: 8/22
  4291 | D:5      | Found a glowing golden altar of the Shining One.
  4488 | D:5      | Reached skill level 5 in Conjurations
  5566 | D:6      | Reached XP level 8. HP: 41/41 MP: 7/24
  5660 | D:6      | You fall through a shaft for 3 floors!
  5660 | D:9      | Found Kebity's Gadget Boutique.
  5670 | D:9      | Noticed a hornet
  6004 | D:9      | Noticed Pikel
  6086 | D:9      | Paralysed by a hornet for 1 turns
  6093 | D:9      | Killed a hornet
  6555 | D:9      | Reached skill level 10 in Conjurations
  6886 | D:9      | Killed Pikel
  6886 | D:9      | Reached XP level 9. HP: 51/51 MP: 7/25
  7257 | D:9      | Noticed a troll
  7262 | D:9      | Killed a troll
  7436 | D:8      | Found a staircase to the Lair.
  7436 | D:8      | Noticed a death yak
  7437 | D:8      | Noticed a death yak
  7557 | D:9      | Noticed a troll
  7566 | D:9      | Killed a troll
  7566 | D:9      | Reached skill level 5 in Fighting
  8816 | D:7      | Found a staircase to the Ecumenical Temple.
  8833 | Temple   | Entered the Ecumenical Temple
  8908 | Temple   | Became a worshipper of Vehumet
  9109 | D:7      | Reached XP level 10. HP: 63/63 MP: 1/26
 10016 | D:8      | Noticed a death yak
 10337 | D:8      | Killed a death yak
 10662 | D:8      | Reached * piety under Vehumet
 10662 | D:8      | Offered knowledge of Freeze by Vehumet.
 10695 | D:8      | Noticed Prince Ribbit
 10700 | D:8      | Killed Prince Ribbit
 10888 | D:8      | Reached skill level 11 in Spellcasting
 12216 | D:10     | Entered Level 10 of the Dungeon
 12520 | D:10     | Reached skill level 12 in Spellcasting
 12690 | D:10     | Noticed a tengu warrior
 12693 | D:10     | Killed a tengu warrior
 12693 | D:10     | Reached skill level 13 in Spellcasting
 13056 | D:10     | Noticed a manticore
 13060 | D:10     | Killed a manticore
 13160 | D:10     | Reached XP level 11. HP: 67/67 MP: 14/30
 13570 | D:10     | Reached skill level 14 in Spellcasting
 13574 | D:10     | Reached skill level 1 in Evocations
 13928 | D:10     | Reached skill level 5 in Evocations
 14343 | D:10     | Offered knowledge of Flame Tongue by Vehumet.
 14486 | D:10     | Reached ** piety under Vehumet
 14781 | D:10     | Noticed an orc warlord
 14914 | Lair:1   | Entered Level 1 of the Lair of Beasts
 14920 | Lair:1   | Noticed Urug
 14927 | Lair:1   | Reached skill level 10 in Evocations
 14930 | Lair:1   | Killed Urug
 15214 | Lair:1   | Offered knowledge of Stone Arrow by Vehumet.
 15267 | Lair:1   | Noticed Gastronok
 15303 | Lair:1   | Noticed Harold
 15312 | Lair:1   | Killed Harold
 15381 | Lair:1   | Killed Gastronok
 15706 | Lair:1   | Reached XP level 12. HP: 72/72 MP: 17/32
 15721 | Lair:1   | Got a distressingly furry scale mail
 15722 | Lair:1   | Identified the cursed +0 scale mail of Focus {Str+3} (You
                  | found it on level 1 of the Lair of Beasts)
 15874 | Lair:1   | Learned a level 3 spell: Stone Arrow
 17080 | Lair:2   | Noticed Erica
 17085 | Lair:2   | Killed Erica
 17478 | Lair:2   | Found a hole to the Spider Nest.
 17482 | Lair:2   | Reached *** piety under Vehumet
 17489 | Lair:2   | Reached skill level 15 in Spellcasting
 17823 | Lair:2   | Found a staircase to the Swamp.
 18106 | Lair:3   | Noticed an eight-headed hydra
 18110 | Lair:3   | Killed an eight-headed hydra
 18110 | Lair:3   | Reached skill level 16 in Spellcasting
 18203 | Lair:3   | Found a runed translucent door.
 18208 | Lair:3   | Noticed XSreality's ghost (journeyman SpVM)
 18208 | Lair:3   | Noticed a six-headed hydra
 18213 | Lair:3   | Killed a six-headed hydra
 18502 | Lair:3   | Offered knowledge of Airstrike by Vehumet.
 18609 | Lair:3   | Found the cursed +14 obsidian axe {chop, +Fly SInv *Curse}
 18760 | Lair:3   | Reached skill level 17 in Spellcasting
 19140 | Lair:3   | Identified the +1 trident "Sithreab" {elec, +Fly rElec
                  | rPois}
 19643 | Lair:4   | Noticed a five-headed hydra
 19646 | Lair:4   | Reached XP level 13. HP: 76/76 MP: 20/36
 19782 | Lair:4   | Reached **** piety under Vehumet
 20042 | Lair:4   | Found a runed translucent door.
 20058 | Lair:4   | Identified the +9 trident of Luoc {holy, Dex+4}
 20059 | Lair:4   | Noticed runemage's ghost (journeyman GnFi)
 20163 | Lair:4   | Reached skill level 10 in Dodging
 20560 | Lair:4   | Offered knowledge of Lee's Rapid Deconstruction by Vehumet.
 21480 | Lair:5   | Noticed an entropy weaver
 21488 | Lair:5   | Killed an entropy weaver
 21908 | Lair:5   | Reached ***** piety under Vehumet
 21908 | Lair:5   | Offered knowledge of Bolt of Draining by Vehumet.
 22097 | Lair:5   | Noticed an entropy weaver
 22101 | Lair:5   | Killed an entropy weaver
 22431 | Lair:6   | Entered Level 6 of the Lair of Beasts
 22467 | Lair:6   | Found a runed translucent door.
 22468 | Lair:6   | Found a viscous altar of Jiyva.
 22468 | Lair:6   | Noticed an acid blob
 22519 | Lair:6   | Found a staircase to the Slime Pits.
 22721 | Lair:6   | Learned a level 5 spell: Bolt of Draining
 23353 | Lair:6   | Noticed a dire elephant
 23368 | Lair:6   | Killed a dire elephant
 23560 | Lair:6   | Reached XP level 14. HP: 82/82 MP: 5/37
 24417 | Lair:6   | Found a sparkling altar of Nemelex Xobeh.
 24688 | Lair:6   | Reached skill level 1 in Necromancy
 24726 | Lair:6   | Got a smoking cloak
 24727 | Lair:6   | Identified the cursed -6 cloak "Eliluso" {rElec rF- rCorr
                  | Stlth+} (You found it on level 6 of the Lair of Beasts)
 24913 | D:10     | Got a heavily runed buckler
 24942 | D:10     | Reached skill level 1 in Earth Magic
 25138 | D:10     | Found a staircase to the Orcish Mines.
 25393 | D:10     | Identified the cursed +0 buckler of the Cooper {rN+ Regen+}
                  | (You found it on level 10 of the Dungeon)
 25477 | D:10     | Killed an orc warlord
 26392 | D:11     | Offered knowledge of Venom Bolt by Vehumet.
 27302 | D:12     | Reached skill level 1 in Shields
 27933 | D:13     | Found a frozen archway.
 28682 | D:13     | Found a gate to the Vaults.
 30006 | D:13     | Reached skill level 18 in Spellcasting
 30498 | D:13     | Found a shattered altar of Ashenzari.
 30722 | D:14     | Noticed Snorg
 30736 | D:14     | Killed Snorg
 30995 | D:14     | Reached skill level 5 in Hexes
 31245 | D:14     | Reached XP level 15. HP: 71/86 MP: 12/39
 31248 | D:14     | Reached skill level 5 in Earth Magic
 31411 | D:14     | Offered knowledge of Spellforged Servitor by Vehumet.
 31918 | D:15     | Entered Level 15 of the Dungeon
 32548 | D:15     | Reached skill level 5 in Necromancy
 33224 | D:15     | Found a staircase to the Depths.
 33698 | Orc:1    | Entered Level 1 of the Orcish Mines
 33699 | Orc:1    | Noticed Sonja
 33704 | Orc:1    | Killed Sonja
 33906 | Orc:1    | Noticed Josephine
 33916 | Orc:1    | Killed Josephine
 34095 | Orc:2    | Entered Level 2 of the Orcish Mines
 34105 | Orc:2    | Noticed an orc warlord
 34108 | Orc:2    | Reached skill level 10 in Necromancy
 34109 | Orc:2    | Paralysed by an orc sorcerer for 3 turns
 34391 | Spider:1 | Entered Level 1 of the Spider Nest
 34405 | Spider:1 | Mangled by a tarantella

Skill      XL: |  1  2  3  4  5  6  7  8  9 10 11 12 13 14 15 |
---------------+----------------------------------------------+-----
Spellcasting   | 4 5 7 8 10 13 14 17 18 | 18.1
Conjurations   | 7 10 11 12 13 14 | 14.1
Fighting       | 3 7 |  7.0
Dodging        | 3 7 9 12 | 12.4
Evocations     | 12 14 | 14.0
Necromancy     | 4 10 | 10.1
Earth Magic    | 4 8 |  8.1
Shields        | 4 |  4.2
Hexes          | 5 |  5.3
Stealth        | |  2.4

Action                   |  1- 3 |  4- 6 |  7- 9 | 10-12 | 13-15 || total
-------------------------+-------+-------+-------+-------+-------++-------
Melee: Short sword       |       |     1 |       |       |       ||     1
       Staff             |       |       |     1 |    23 |    30 ||    54
Throw: Javelin           |       |       |       |       |    16 ||    16
 Cast: Magic Dart        |    81 |    36 |    11 |    48 |    29 ||   205
       Searing Ray       |     4 |    24 |    29 |    16 |     8 ||    81
       Dazzling Spray    |       |     8 |    66 |    17 |     3 ||    94
       Iskenderun's Myst |       |       |    50 |   272 |   584 ||   906
       Force Lance       |       |       |       |    37 |    68 ||   105
       Fulminant Prism   |       |       |       |    12 |     4 ||    16
       Stone Arrow       |       |       |       |     1 |     1 ||     2
       Bolt of Draining  |       |       |       |       |    48 ||    48
Evoke: Wand              |       |       |     2 |    27 |    42 ||    71
       Phial of floods   |       |       |       |       |     2 ||     2
  Use: Scroll            |     5 |     4 |     7 |    10 |    20 ||    46
       Potion            |       |       |    12 |     1 |     7 ||    20
 Stab: Paralysed         |       |       |       |    23 |     9 ||    32
  Eat: Ration            |     1 |     2 |     4 |    11 |    12 ||    30
       Chunk             |       |     1 |       |       |     2 ||     3
Armor: Robe              |     1 |     3 |    11 |     7 |    26 ||    48
Dodge: Dodged            |     4 |    18 |    80 |    94 |   224 ||   420
Block: Buckler           |       |       |       |       |    18 ||    18
